 Dungeon Crawl Stone Soup version 0.29-a0-362-g5854e031c7 (webtiles) character file.

Game seed: 12440800855651364875

807 ytrimaz the Chopper (level 7, 0/55 HPs)
             Began as a Demonspawn Fighter on Apr 29, 2022.
             Was an Initiate of Ashenzari.
             Slain by a gnoll
             ... wielding a +0 whip
              (4 damage)
             ... on level 4 of the Dungeon.
             The game lasted 00:05:00 (4851 turns).

ytrimaz the Chopper (Demonspawn Fighter)            Turns: 4851, Time: 00:05:01

Health: 0/55       AC: 11    Str: 18    XL:     7   Next: 60%
Magic:  7/7        EV:  8    Int:  9    God:    Ashenzari [......]
Gold:   131        SH:  9    Dex: 13    Spells: 6/6 levels left

rFire   . . .      SeeInvis .   a - +0 war axe
rCold   . . .      Faith    .   c - +0 buckler
rNeg    . . .      Spirit   .   r - +0 chain mail
rPois   .          Reflect  .   (no helmet)
rElec   .          Harm     .   (no cloak)
rCorr   +          Rampage  .   (no gloves)
Will    .....                   p - +0 pair of boots
Stlth   ..........              (no amulet)
HPRegen 0.18/turn               j - ring of Ashenzari's Augurer {rCorr, Fort, Range} (curse)
MPRegen 0.10/turn               (no ring)

@: about to teleport
A: sturdy frame 1, condensation shield, weakness stinger 1
a: Renounce Religion, Shatter the Chains


You were on level 4 of the Dungeon.
You worshipped Ashenzari.
Ashenzari was noncommittal.
You visited 1 branch of the dungeon, and saw 4 of its levels.

You collected 131 gold pieces.

Inventory:

Hand Weapons
 a - a +0 war axe (weapon)
Armour
 c - a +0 buckler (worn)
 e - a +2 tower shield
 p - a +0 pair of boots (worn)
 r - a +0 chain mail (worn)
Jewellery
 j - the cursed ring of Ashenzari's Augurer (left hand) {rCorr, Fort, Range}
   (You found it on level 3 of the Dungeon)

   [ring of resist corrosion]

   rCorr:     It protects you from acid and corrosion.
   It has a curse which improves the following skills: Fortitude: Armour and
   Shields.
   Ranged Combat: Slings, Bows, Crossbows and Throwing.
Wands
 n - a wand of iceblast (8)
Scrolls
 f - 2 scrolls of teleportation
 i - a scroll of amnesia
 q - a scroll of brand weapon {unknown}
 t - a scroll of identify
Potions
 b - a potion of flight {unknown}
 d - a potion of degeneration {unknown}
 g - 2 potions of lignification
 h - a potion of berserk rage
 k - a potion of haste
 l - a potion of invisibility {unknown}
 m - 2 potions of cancellation {unknown}
 o - 2 potions of curing {unknown}
 s - 3 potions of brilliance {unknown}


   Skills:
 + Level 4.4 Fighting
 + Level 5.6 Axes
 + Level 4.4(4.9) Armour
 + Level 4.0(4.4) Shields


You had 6 spell levels left.
You didn't know any spells.
Your spell library contained the following spells:

 Spells                   Type           Power      Damage    Failure   Level
 Animate Skeleton         Necr           0%         N/A       98%         1
 Apportation              Tloc           0%         N/A       98%         1
 Summon Small Mammal      Summ           0%         N/A       98%         1


Dungeon Overview and Level Annotations

Branches:
Dungeon (4/15)
 Temple: D:4-7

Altars:
Ashenzari


Innate Abilities, Weirdness & Mutations

Your movements are slightly less encumbered by armour. (ER -2)
A meltable shield of frost defends you. (SH +4)
You have a small tail.


Message History

The gnoll attacks as you move away! The gnoll hits you but does no damage.
The gnoll barely misses you.
The gnoll hits you but does no damage. x2
Things that are here:
a +0 club; a +2 robe of willpower You barely miss the gnoll.
The gnoll is heavily wounded.
You closely miss the gnoll. You block the gnoll's attack.
The gnoll hits you from afar with a +0 spear.
The gnoll hits you with a +0 whip.
The gnoll hits you from afar with a +0 spear.
The gnoll hits you but does no damage.
You barely miss the gnoll.
The gnoll is heavily wounded.
You hit the gnoll. The gnoll closely misses you.
You block the gnoll's attack. x2
The gnoll barely misses you.
You hit the gnoll but do no damage.
The gnoll is heavily wounded.
You hit the gnoll. You block the gnoll's attack.
The gnoll hits you but does no damage. The gnoll hits you with a +0 flail.
* * * LOW HITPOINT WARNING * * *
You block the gnoll's attack.
Unknown command.
You hit the gnoll but do no damage.
The gnoll is heavily wounded.
You slash the gnoll! You block the gnoll's attack. The gnoll barely misses you.
You block the gnoll's attack. The gnoll barely misses you.
You hit the gnoll.
The gnoll is severely wounded.
You barely miss the gnoll. The gnoll hits you with a +0 whip.
* * * LOW HITPOINT WARNING * * *
The gnoll hits you with a +0 flail.
* * * LOW HITPOINT WARNING * * *
The gnoll barely misses you. The gnoll hits you with a +0 whip!
* * * LOW HITPOINT WARNING * * *
Unknown command.
Okay, then.
As you read the scroll of teleportation, it crumbles to dust.
You feel strangely unstable. You block the gnoll's attack.
The gnoll closely misses you. The gnoll hits you with a +0 whip.
You die...

####.# ..# ....# ##
##.. ... .. .# ....
..# .## ..# ...#
..## # .=..#
###...#### #
..##...####)........
#.. #...@.g)###....
##.# ##..gg### . #
#..# ##).## ####
#..# #..# ...###..##
#..#
.........#######.#
#...........#....##
###..#............#
#..####......###..#


You could see 3 gnolls.

Vanquished Creatures
  A steam dragon (D:4)
  A centaur (D:4)
  A necrophage (D:4)
  A scorpion (D:4)
  2 hounds (D:3)
  2 orc priests
  2 jellies
  A gnoll shaman (D:4)
  An iguana (D:4)
  3 orc wizards
  3 adders
  3 gnolls
  An ufetubus (D:4)
  A worm (D:4)
  A dart slug (D:4)
  6 orcs
  12 ball pythons
  12 endoplasms
  6 giant cockroaches
  10 goblins
  8 hobgoblins
  6 jackals (D:1)
  6 kobolds
  7 quokkas
  8 bats
  7 frilled lizards
  7 rats
119 creatures vanquished.

Vanquished Creatures (others)
  8 plants (D:4)
8 creatures vanquished.

Grand Total: 127 creatures vanquished

Notes
Turn   | Place    | Note
-------+----------+-------------------------------------------
     0 | D:1      | ytrimaz the Demonspawn Fighter began the quest for the Orb.
     0 | D:1      | Reached XP level 1. HP: 18/18 MP: 1/1
   121 | D:1      | Gained mutation: Your movements are slightly less
                  | encumbered by armour. (ER -2) [demonic ancestry]
   121 | D:1      | Reached XP level 2. HP: 22/24 MP: 2/2
   169 | D:1      | Reached skill level 2 in Axes
   511 | D:1      | Reached XP level 3. HP: 18/29 MP: 3/3
   866 | D:1      | Found a faded altar of an unknown god.
  1943 | D:2      | Gained mutation: You have a small tail. [demonic ancestry]
  1943 | D:2      | Reached XP level 4. HP: 25/35 MP: 4/4
  2195 | D:2      | Reached skill level 3 in Axes
  2642 | D:3      | Found a broken altar of Ashenzari.
  2658 | D:3      | Became a worshipper of Ashenzari the Shackled
  2802 | D:3      | Reached XP level 5. HP: 30/41 MP: 5/5
  3244 | D:3      | Reached skill level 4 in Axes
  3254 | D:3      | Gained mutation: A meltable shield of frost defends you.
                  | (SH +4) [demonic ancestry]
  3254 | D:3      | Reached XP level 6. HP: 19/48 MP: 6/6
  4052 | D:4      | Reached XP level 7. HP: 45/54 MP: 7/7
  4177 | D:4      | Noticed a steam dragon
  4199 | D:4      | Killed a steam dragon
  4200 | D:4      | Reached skill level 5 in Axes
  4851 | D:4      | Slain by a gnoll

Illustrated notes

Levels and vault maps discovered:
D:1:      dpeg_arrival_snail, layout_rooms, nicolae_ecumenical_snake_handling
D:2:      layout_rooms, minmay_increasing_density
D:3:      layout_rooms, cheibrodos_ashenzari_chains, cheibrodos_gnoll_hut
D:4:      kennysheep_six_static_rooms, layout_layer_cave, chequers_big_river,
          minmay_misc_feat_columns, grunt_ministairs_7, uniq_eustachio

Skill      XL: |  1  2  3  4  5  6  7 |
---------------+----------------------+-----
Axes           | 2 3 4 5 |  5.6
Armour         | 3 4 |  4.4
Shields        | 3 4 |  4.0
Fighting       | 4 |  4.4

Action                   |  1- 3 |  4- 6 |  7- 9 || total
-------------------------+-------+-------+-------++-------
Melee: War axe           |   127 |   163 |    44 ||   334
       Tailslap          |       |    21 |     8 ||    29
Invok: Curse Item        |       |     1 |       ||     1
  Use: Scroll            |     3 |     6 |     1 ||    10
       Potion            |     2 |       |     1 ||     3
Armor: Scale mail        |    80 |    38 |       ||   118
       Skin              |     6 |       |       ||     6
       Chain mail        |       |    70 |    29 ||    99
Dodge: Dodged            |    82 |    73 |    33 ||   188
Block: Buckler           |    46 |    64 |    26 ||   136

Table legend: (Time is in decaauts)
 A = Elapsed time spent in this place.
 B = Non-inter-level travel time spent in this place.
 C = Inter-level travel time spent in this place.
 D = Time resting spent in this place.
 E = Time spent auto-exploring this place.
 F = Levels seen in this place.
 G = Mean time per level.
                   A        B        C        D        E       F      G
               +--------+--------+--------+--------+--------+-----+--------+
         Total |   4976 |   4854 |    122 |   1322 |   2559 |   4 | 1244.0 |
       Dungeon |   4976 |   4854 |    122 |   1322 |   2559 |   4 | 1244.0 |
               +--------+--------+--------+--------+--------+-----+--------+

Top non-repeatable levels by time:
     D:1: 1664 daAuts
     D:3: 1175 daAuts
     D:4: 1150 daAuts
     D:2: 985 daAuts
